 Dungeon Crawl Stone Soup version 0.29-a0-885-gb26ba3297d (webtiles) character file.

Game seed: 10887263665329817522

2394 gobodom the Firebug (level 9, -3/60 (66) HPs)
             Began as a Demonspawn Fire Elementalist on July 21, 2022.
             Was a Priest of Makhleb.
             Slain by a wight
             ... wielding a +3 spear
              (6 damage)
             ... on level 8 of the Dungeon.
             The game lasted 00:25:18 (7188 turns).

gobodom the Firebug (Demonspawn Fire Elementalist)  Turns: 7188, Time: 00:25:19

HP:   -3/60 (66)    AC:  6    Str:  7    XL:     9   Next: 22%
MP:   21/26         EV: 11    Int: 25    God:    Makhleb [***...]
Gold: 322           SH:  0    Dex: 13    Spells: 15/18 levels left

rFire   + . .      SeeInvis .   o - +4 dagger "Orat" {flame, Stlth+}
rCold   + . .      Faith    .   (no shield)
rNeg    . . .      Spirit   .   p - +1 leather armour of the Threshing Gods {Slay+2}
rPois   .          Reflect  .   (no helmet)
rElec   .          Harm     .   d - +1 cloak
rCorr   .          Rampage  .   (no gloves)
Will    .....                   (no boots)
Stlth   +++.......              g - amulet of magic regeneration
HPRegen 0.20/turn               s - ring of magical power
MPRegen 0.60/turn               u - ring of protection from cold

@: lethally poisoned (-3 -> -13), drained
A: claws 2, demonic guardian 2, clever 1, fire resistance 1, evolution 1,
inability to drink while threatened 1
a: Renounce Religion, Minor Destruction, Lesser Servant of Makhleb


You were on level 8 of the Dungeon.
You worshipped Makhleb.
Makhleb was most pleased with you.
You visited 2 branches of the dungeon, and saw 9 of its levels.

You collected 530 gold pieces.
You spent 208 gold pieces at shops.

Inventory:

Hand Weapons
 h - a +2 dagger of venom
 j - a +0 triple crossbow
 n - a +4 quarterstaff of chaos
 o - the +4 dagger "Orat" (weapon) {flame, Stlth+}
   (You found it on level 3 of the Dungeon)

   It burns those it strikes, dealing additional fire damage.
   Stlth:     It makes you more stealthy.
 E - a +2 vorpal sling
Missiles
 H - a throwing net
Armour
 d - a +1 cloak (worn)
 p - the +1 leather armour of the Threshing Gods (worn) {Slay+2}
   (You found it on level 3 of the Dungeon)

   Slay:      It affects your accuracy & damage with ranged weapons and melee
   (+2).
 z - a +1 leather armour of fire resistance
 D - a scarf of harm
 J - +0 steam dragon scales
Jewellery
 g - an amulet of magic regeneration (around neck)
 s - a ring of magical power (left claw)
 u - a ring of protection from cold (right claw)
 A - a ring of ice
 I - a ring of magical power
Wands
 m - a wand of digging (6)
 B - a wand of iceblast (18)
Scrolls
 f - 2 scrolls of blinking
 i - 2 scrolls of vulnerability
 l - a scroll of amnesia {unknown}
 q - a scroll of silence {unknown}
 t - 2 scrolls of noise {unknown}
 w - a scroll of teleportation {unknown}
 y - a scroll of brand weapon {unknown}
 C - a scroll of butterflies {unknown}
 F - a scroll of immolation {unknown}
 G - a scroll of magic mapping {unknown}
Potions
 b - 2 potions of magic
 c - 2 potions of flight
 e - 4 potions of attraction
 k - 2 potions of heal wounds
 r - a potion of mutation
 v - 3 potions of curing
 x - 3 potions of might


   Skills:
 * Level 4.4 Fighting
 + Level 2.3 Short Blades
 + Level 1.1 Armour
 + Level 2.1 Dodging
 + Level 2.9 Stealth
 + Level 5.4 Spellcasting
 + Level 3.5 Conjurations
 + Level 6.4 Fire Magic
 * Level 4.8 Invocations
 * Level 3.1 Evocations


You had 15 spell levels left.
You knew the following spells:

 Your Spells              Type           Power      Damage    Failure   Level
a - Foxfire               Conj/Fire      100%       2x1d9     1%          1
b - Scorch                Fire           78%        2d8       1%          2

Your spell library contained the following spells:

 Spells                   Type           Power      Damage    Failure   Level
 Conjure Flame            Conj/Fire      32%        6-21      4%          3
 Inner Flame              Hex/Fire       23%        N/A       9%          3
 Sandblast                Erth           12%        2d6       12%         1
 Flame Wave               Conj/Fire      32%        2d8       14%         4
 Passwall                 Tmut/Erth      5%         N/A       17%         2
 Stone Arrow              Conj/Erth      30%        3d8       17%         3
 Call Canine Familiar     Summ           6%         N/A       34%         3
 Gell's Gravitas          Tloc           6%         N/A       34%         3
 Portal Projectile        Hex/Tloc       12%        N/A       34%         3
 Teleport Other           Tloc           6%         N/A       34%         3
 Tukima's Dance           Hex            6%         N/A       34%         3
 Leda's Liquefaction      Hex/Erth       3%         N/A       75%         4
 Blade Hands              Tmut           3%         N/A       97%         5
 Dispersal                Tloc           3%         N/A       100%        6


Dungeon Overview and Level Annotations

Branches:
Dungeon (8/15)             Temple (1/1) D:7
   Lair: D:8-11

Altars:
Cheibriados
Dithmenos
Fedhas
Gozag
Hepliaklqana
Kikubaaqudgha
Makhleb
Nemelex Xobeh
Okawaru
Qazlal
Ru
Sif Muna
Trog
Uskayaw
Vehumet
Wu Jian
Xom
Yredelemnul

Shops:
D:6 *(=[


Innate Abilities, Weirdness & Mutations

You have very sharp fingernails.
A demonic guardian rushes to your aid.
Your mind is acute. (Int +4, Str/Dex -1)
Your flesh is heat resistant. (rF+)
You have hidden genetic potential.
You occasionally lose the ability to drink potions when taking damage.


Message History

The wight's fire resistance burns away.
You feel very sick.
Your ynoxinul gestures.
The wight hits you with a +3 spear!
You feel drained.
The orc hits you with a +0 short sword of venom.
You are more poisoned.
The wight closely misses you.
Casting: Scorch (safe; 1% risk of failure)
Confirm with . or Enter, or press ? or * to list all spells.
Flames lash the orc.
You kill the orc!
Makhleb accepts your kill.
You feel very sick.
The wight hits you with a +0 vorpal long sword.
You feel drained. The wight closely misses you.
Casting: Scorch (safe; 1% risk of failure)
Confirm with . or Enter, or press ? or * to list all spells.
Flames lash the orc.
The orc is severely wounded.
The orc's fire resistance burns away.
You feel very sick. The orc closely misses you.
The wight hits you with a +3 spear!
* * * LOW HITPOINT WARNING * * *
You feel drained.
* * * LOW HITPOINT WARNING * * *
The wight hits you with a +0 vorpal long sword.
* * * LOW HITPOINT WARNING * * *
A demonic guardian appears!
* * * LOW HITPOINT WARNING * * *
You swap places.
The wight attacks as you move away! The wight hits you with a +3 spear.
* * * LOW HITPOINT WARNING * * *
x2 You feel very sick.
The orc hits your ynoxinul with a +0 short sword.
The wight hits your ynoxinul with a +0 vorpal long sword!
Your ynoxinul dies!
Your ynoxinul disappears in a puff of smoke!
Your ufetubus disappears in a puff of smoke! x2
The wight hits you from afar with a +3 spear.
You die...

##...## ##### .......
#.... ....... #....
....... ########....
......) .......<....
.....4o ########....
..[..zo##############....
.....zz§@§§..............
......z##################
.....$. #######


You could see 4 wights, an orc (combustible) and a friendly hellwing (summoned).

Vanquished Creatures
  Joseph (D:7)
  Prince Ribbit (D:7)
  A steam dragon (D:7)
  Duvessa (D:5)
  A sky beast (D:6)
  2 ogres (D:6)
  A centaur (D:5)
  A phantom (D:6)
  A kobold brigand (D:5)
  A necrophage (D:5)
  Dowan (D:5)
  6 killer bees
  A howler monkey (D:6)
  A jelly (D:5)
  A gnoll bouda (D:5)
  2 orc priests
  Crazy Yiuf (D:2)
  3 iguanas
  6 orc wizards
  10 gnolls
  5 adders
  A shadow imp (D:5)
  2 white imps
  2 ufetubi (D:5)
  A worm (D:2)
  2 dart slugs
  16 orcs
  A bat (D:3)
  8 endoplasms
  2 giant cockroaches
  5 goblins
  2 hobgoblins
  8 kobolds
  2 quokkas
  A ball python (D:2)
  2 rats
103 creatures vanquished.

Vanquished Creatures (collateral kills)
  An orc priest (D:6)
  A gnoll bouda (D:6)
  An orc wizard (D:6)
  3 gnolls (D:6)
  6 orcs (D:6)
  A foxfire (D:4)
13 creatures vanquished.

Vanquished Creatures (others)
  An orc (D:6)
  201 foxfires
  8 plants (D:8)
210 creatures vanquished.

Grand Total: 326 creatures vanquished

Notes
Turn   | Place    | Note
-------+----------+-------------------------------------------
     0 | D:1      | gobodom the Demonspawn Fire Elementalist began the quest
                  | for the Orb.
     0 | D:1      | Reached XP level 1. HP: 13/13 MP: 3/3
   251 | D:1      | You fall into a shaft and drop 1 floor!
   409 | D:1      | Found a faded altar of an unknown god.
   862 | D:1      | Prayed at the altar of an unknown god.
   862 | D:1      | Became a worshipper of Makhleb the Destroyer
   862 | D:1      | Reached * piety under Makhleb
   934 | D:2      | Gained mutation: A weak demonic guardian rushes to your
                  | aid. [demonic ancestry]
   934 | D:2      | Reached XP level 2. HP: 20/20 MP: 1/5
   954 | D:2      | Reached skill level 3 in Fire Magic
  1084 | D:2      | Learned a level 2 spell: Scorch
  1374 | D:2      | Reached skill level 1 in Fighting
  1380 | D:2      | Reached XP level 3. HP: 26/26 MP: 1/6
  1474 | D:2      | Found a runed translucent door.
  1475 | D:2      | Noticed Crazy Yiuf
  1604 | D:2      | Killed Crazy Yiuf
  1932 | D:3      | Identified the +4 dagger "Orat" {flame, Stlth+}
  1945 | D:3      | Identified the +1 leather armour of the Threshing Gods
                  | {Slay+2}
  2086 | D:3      | Reached XP level 4. HP: 32/32 MP: 7/7
  2251 | D:3      | Found the +8 orange crystal plate armour {Archmagi, Int+3
                  | Clar}
  2914 | D:4      | Reached XP level 5. HP: 38/38 MP: 9/9
  3252 | D:5      | Entered Level 5 of the Dungeon
  3301 | D:5      | Reached ** piety under Makhleb
  3302 | D:5      | Reached skill level 1 in Invocations
  3370 | D:5      | Noticed a centaur
  3377 | D:5      | Reached XP level 6. HP: 21/44 MP: 8/10
  3385 | D:5      | Reached skill level 1 in Short Blades
  3385 | D:5      | Reached skill level 4 in Fire Magic
  3385 | D:5      | Reached skill level 1 in Evocations
  3926 | D:5      | Gained mutation: You have sharp fingernails. [demonic
                  | ancestry]
  3926 | D:5      | Reached XP level 7. HP: 33/51 MP: 7/12
  4292 | D:5      | Noticed Duvessa
  4292 | D:5      | Noticed Dowan
  4297 | D:5      | Killed Dowan
  4302 | D:5      | Killed Duvessa
  4626 | D:6      | Reached skill level 5 in Fire Magic
  4795 | D:6      | Gained mutation: A demonic guardian rushes to your aid.
                  | [demonic ancestry]
  4795 | D:6      | Reached XP level 8. HP: 23/58 MP: 14/14
  5202 | D:6      | Reached *** piety under Makhleb
  5305 | D:6      | Found Baysorhy's General Store.
  5311 | D:6      | Found Pistryl's Jewellery Shoppe.
  5311 | D:6      | Found Sawaurch's Antique Armour Shoppe.
  5312 | D:6      | Found Qyomik's Weapon Shoppe.
  5354 | D:6      | Bought a glowing scarf for 208 gold pieces
  5715 | D:6      | Reached skill level 6 in Fire Magic
  5963 | D:6      | Gained mutation: Your mind is acute. (Int +4, Str/Dex -1)
                  | [potion of mutation]
  5963 | D:6      | Gained mutation: Your flesh is heat resistant. (rF+)
                  | [potion of mutation]
  5963 | D:6      | Gained mutation: You occasionally lose the ability to drink
                  | potions when taking damage. [potion of mutation]
  5963 | D:6      | Gained mutation: You have hidden genetic potential. [potion
                  | of mutation]
  6037 | D:7      | Found a staircase to the Ecumenical Temple.
  6075 | Temple   | Entered the Ecumenical Temple
  6584 | D:7      | Noticed Joseph
  6603 | D:7      | Killed Joseph
  6604 | D:7      | Reached skill level 5 in Spellcasting
  6604 | D:7      | Gained mutation: You have very sharp fingernails. [demonic
                  | ancestry]
  6604 | D:7      | Reached XP level 9. HP: 27/65 MP: 16/16
  6819 | D:7      | Noticed Prince Ribbit
  6829 | D:7      | Killed Prince Ribbit
  6830 | D:7      | Reached skill level 1 in Armour
  7188 | D:8      | HP: 3/60 [poisoned by an orc]
  7188 | D:8      | Slain by a wight

Illustrated notes

Levels and vault maps discovered:
D:1:      sevenhm_arrival_forest_fort_small_4, layout_basic,
          hellmonk_ecumenical_altar_crossroads
D:2:      layout_loops_ring, uniq_crazy_yiuf_cottage
D:3:      layout_basic
D:4:      layout_loops_ring, tso_oasis_becter
D:5:      layout_loops_cross, uniq_duvessa
D:6:      layout_basic, minmay_shop_grid_forest
D:7:      layout_basic, minmay_temple_entry_stoned_glass, uniq_prince_ribbit1,
          uniq_joseph
D:8:      nzn_winding_woodlands_medium [nzn_winding_woodlands_5x5_perimeter,
          nzn_winding_woodlands_5x15_twine, nzn_winding_woodlands_hourglass,
          nzn_winding_woodlands_5x5_three, nzn_winding_woodlands_center_garden,
          nzn_winding_woodlands_5x5_default,
          nzn_winding_woodlands_5x5_closed_star,
          nzn_winding_woodlands_5x15_longhouse,
          nzn_winding_woodlands_5x5_checkerboard], layout_rooms, nrook_campfire
Temple:   mainiacjoe_temple_cubbyholes

Skill      XL: |  1  2  3  4  5  6  7  8  9 |
---------------+----------------------------+-----
Fire Magic     | 3 4 5 6 |  6.4
Fighting       | 1 2 3 4 |  4.4
Dodging        | 2 |  2.1
Stealth        | 2 |  2.9
Spellcasting   | 3 4 5 |  5.4
Conjurations   | 2 3 |  3.5
Invocations    | 1 2 4 |  4.8
Short Blades   | 1 2 |  2.3
Evocations     | 1 2 3 |  3.1
Armour         | 1 |  1.1

Action                   |  1- 3 |  4- 6 |  7- 9 || total
-------------------------+-------+-------+-------++-------
Melee: Dagger            |     8 |    29 |    25 ||    62
 Cast: Foxfire           |    41 |    58 |    28 ||   127
       Scorch            |    13 |    36 |    80 ||   129
Invok: Minor Destruction |       |     1 |       ||     1
       Lesser Servant of |       |       |     2 ||     2
  Use: Scroll            |     1 |     3 |     4 ||     8
       Potion            |       |       |     2 ||     2
 Stab: Sleeping          |       |     4 |     3 ||     7
Armor: Robe              |     2 |     8 |     3 ||    13
       Leather armour    |       |       |    27 ||    27
Dodge: Dodged            |     4 |    25 |    45 ||    74

Table legend: (Time is in decaauts)
 A = Elapsed time spent in this place.
 B = Non-inter-level travel time spent in this place.
 C = Inter-level travel time spent in this place.
 D = Time resting spent in this place.
 E = Time spent auto-exploring this place.
 F = Levels seen in this place.
 G = Mean time per level.
                   A        B        C        D        E       F      G
               +--------+--------+--------+--------+--------+-----+--------+
         Total |   7196 |   6684 |    512 |    747 |   4940 |   9 |  799.6 |
       Dungeon |   6835 |   6375 |    460 |    747 |   4634 |   8 |  854.4 |
        Temple |    360 |    308 |     52 |      0 |    306 |   1 |  360.0 |
               +--------+--------+--------+--------+--------+-----+--------+

Top non-repeatable levels by time:
     D:5: 1515 daAuts
     D:6: 1200 daAuts
     D:2: 1045 daAuts
     D:1: 880 daAuts
     D:7: 824 daAuts
     D:4: 738 daAuts
     D:3: 598 daAuts
  Temple: 360 daAuts
     D:8: 32 daAuts
